 Dungeon Crawl Stone Soup version 0.31-a0-564-g3b7de120b3 (webtiles) character file.

Game seed: 10650401474753647143

105116 greenreed the Warrior (level 15, -7/232 HPs)
             Began as a Minotaur Berserker on Aug 17, 2023.
             Was a High Priest of Trog.
             Killed from afar by a shock serpent (11 damage)
             ... with an electric aura
             ... on level 1 of the Snake Pit on Aug 18, 2023.
             The game lasted 01:19:47 (28116 turns).

greenreed the Warrior (Minotaur Berserker)         Turns: 28116, Time: 01:19:48

Health: -7/232     AC: 18    Str: 35    XL:     15   Next: 93%
Magic:  0/14       EV: 15    Int:  4    God:    Trog [*****.]
Gold:   1725       SH:  0    Dex: 10    Spells: 14/14 levels left

rFire   + + +        l - +3 bardiche (flame)
rCold   . . .        (shield currently unavailable)
rNeg    . . .        y - +0 fire dragon scales
rPois   .            (helmet restricted)
rElec   .            U - scarf {rC+ rF+}
rCorr   .            O - +2 pair of gloves {infuse}
SInv    +            b - +0 pair of boots
Will    +++..        M - amulet of guardian spirit Stlth
                     E - +6 ring of strength
HPRegen 1.58/turn    F - ring of see invisible
MPRegen 0.14/turn

%: guardian spirit
@: berserking, strong-willed, regenerating, very quick
A: horns 2, retaliatory headbutt
a: Renounce Religion, Berserk, Trog's Hand, Brothers in Arms


You were on level 1 of the Snake Pit.
You worshipped Trog.
Trog was extremely pleased with you.
You visited 4 branches of the dungeon, and saw 23 of its levels.
You also visited: Ossuary, Bailey and Gauntlet.

You collected 2795 gold pieces.
You spent 1070 gold pieces at shops.

Inventory:

Hand Weapons
 h - a +4 glaive of draining
 l - a +3 bardiche of flaming (weapon)
 Y - a +4 triple crossbow of flaming
Missiles
 a - 19 javelins (quivered)
 p - 3 datura-tipped darts
 x - 37 poisoned darts
 G - 20 boomerangs
 H - 3 throwing nets
Armour
 b - a +0 pair of boots (worn)
 y - +0 fire dragon scales (worn)
 O - a +2 pair of gloves of infusion (worn)
 U - a scarf of resistance (worn)
Jewellery
 e - a +4 ring of protection
 D - a ring of resist corrosion
 E - a +6 ring of strength (left hand)
 F - a ring of see invisible (right hand)
 I - a ring of poison resistance
 M - an amulet of guardian spirit (around neck)
 T - a ring of protection from fire
Wands
 i - a wand of polymorph (5)
 u - a wand of charming (49)
 L - a wand of light (21)
 P - a wand of flame (33)
 V - a wand of digging (13)
 W - a wand of mindburst (12)
Scrolls
 c - 4 scrolls of blinking
 d - a scroll of acquirement {unknown}
 f - 9 scrolls of fog
 g - 5 scrolls of vulnerability
 j - 7 scrolls of enchant armour
 k - 2 scrolls of immolation {unknown}
 t - 3 scrolls of fear
 w - 7 scrolls of teleportation
 z - 3 scrolls of butterflies {unknown}
 J - 4 scrolls of poison
 K - a scroll of brand weapon
 Q - 2 scrolls of silence
 R - 2 scrolls of noise {unknown}
 Z - a scroll of revelation {unknown}
Potions
 n - 4 potions of enlightenment
 o - 6 potions of haste
 r - 3 potions of mutation
 s - 2 potions of berserk rage {unknown}
 v - 13 potions of curing
 B - 8 potions of heal wounds
 C - 7 potions of might
 N - a potion of lignification
 S - a potion of invisibility {unknown}
 X - 2 potions of brilliance {unknown}
Miscellaneous
 q - a tin of tremorstones (2/2)
 A - a box of beasts


   Skills:
 * Level 19.8 Fighting
 * Level 19.7 Polearms
 + Level 5.1 Throwing
 + Level 14.1 Armour
 + Level 12.9 Dodging


You had 14 spell levels left.
You didn't know any spells.
Your spell library was empty.

Dungeon Overview and Level Annotations

Branches:
Dungeon (15/15)            Temple (0/1) D:4            Lair (5/5) D:11
 Shoals (0/4) Lair:3        Snake (1/4) Lair:3        Slime (0/5) Lair:4
    Orc (2/2) D:10            Elf (0/3) Orc:2        Vaults (0/5) D:13
Ossuary (visited)          Bailey (visited)         Gauntlet (visited)
 Depths: D:15

Altars:
Cheibriados
Fedhas
Nemelex Xobeh
Qazlal
Yredelemnul
Zin
Jiyva

Shops:
D:4 !   D:7 !   D:9 (   D:14 =   Orc:1 [   Orc:2 [(=*


Innate Abilities, Weirdness & Mutations

You have a pair of horns on your head.
You reflexively headbutt those who attack you in melee.


Message History

The shock serpent's electric aura discharges, shocking you!
You hit the shock serpent. You burn the shock serpent.
The shock serpent is heavily wounded.
The shock serpent barely misses you.
You closely miss the shock serpent.
The shock serpent is heavily wounded.
The shock serpent barely misses you.
You closely miss the shock serpent. Your headbutt misses the shock serpent.
The shock serpent is heavily wounded.
The shock serpent shoots out a bolt of lightning at you!
The bolt of electricity hits you!! The shock serpent bites you.
The shock serpent shocks you!
* * * LOW HITPOINT WARNING * * *
You are too injured to fight recklessly!
You barely miss the shock serpent. Your headbutt misses the shock serpent.
The shock serpent is heavily wounded.
The shock serpent barely misses you.
Unknown command.
You barely miss the shock serpent.
The shock serpent is heavily wounded.
The shock serpent closely misses you. You furiously retaliate!
You headbutt the shock serpent!
The shock serpent's electric aura discharges, shocking you!
* * * LOW HITPOINT WARNING * * *
Your skin crawls.
You feel strong-willed.
The shock serpent completely misses you.
The shock serpent bites you!
* * * LOW HITPOINT WARNING * * *
The shock serpent shocks you!
* * * LOW HITPOINT WARNING * * *
A red film seems to cover your vision as you go berserk!
You feel yourself moving faster!
You feel mighty! The shock serpent bites you.
* * * LOW HITPOINT WARNING * * *
The shock serpent shocks you!
* * * LOW HITPOINT WARNING * * *
You slash the shock serpent! You burn the shock serpent.
The shock serpent is almost dead.
The shock serpent's electric aura discharges, shocking you!
You die...

. .. #####. ##.....# ..S
##...##.. ...... .N..
##.....##. ....# .....
####.......#.# ##...##
......#..#...#S..#[.##.....#
.........S...#@..#.........#
#............#...###.......#
##...........#...#.........####
##..........#.⌠.#....#.#......
#..........#...#...###....###
#..........#...#....##.....##
#..........#...#.....#......#
#..........#...#...#..#.....#
...........#.......#..##....#


You could see a shock serpent.

Vanquished Creatures
  A fire giant (D:14)
  2 orc warlords (Orc:2)
  7 hydras
  A catoblepas (Lair:3)
  A hell beast (Gauntlet)
  2 dancing weapons (D:13)
  3 two-headed ogres
  5 centaur warriors
  4 boulder beetles
  14 death yaks
  2 tengu warriors
  An orc high priest (Orc:2)
  Urug (Orc:2)
  A fire crab (Gauntlet)
  A shock serpent (Snake:1)
  A skyshark (Lair:5)
  A wizard (D:14)
  A necromancer (Gauntlet)
  Pikel (D:4)
  3 orc knights
  8 ugly things
  10 deep elf pyromancers
  2 deep elf zephyrmancers (Orc:1)
  2 wolf spiders (Lair:5)
  3 orc sorcerers
  5 cyclopes
  2 oklob plants (Lair:4)
  A merfolk siren (Lair:3)
  5 elephants (Lair:5)
  Maurice (D:8)
  9 black mambas
  A guardian serpent (Lair:5)
  Maggie (D:9)
  2 gargoyles
  2 unseen horrors
  19 cane toads
  Jeremiah (D:8)
  An efreet (D:14)
  A freezing wraith (D:14)
  A kobold demonologist (D:13)
  13 rime drakes
  10 komodo dragons
  A tengu conjurer (D:14)
  3 meliai (D:14)
  A merfolk (Lair:3)
  11 polar bears
  5 trolls
  3 hornets
  11 blink frogs
  4 raiju (Lair:5)
  11 dream sheep
  5 slime creatures (D:11)
  3 spriggans (Bailey)
  37 yaks
  3 fire bats (Gauntlet)
  2 vampires
  21 wyverns
  5 basilisks
  2 fire elementals (D:14)
  A redback (Lair:5)
  2 steam dragons
  2 vampire mosquitoes (D:12)
  7 wargs
  A naga (Snake:1)
  3 acid dragons
  18 water moccasins
  11 hell hounds (Lair:5)
  24 orc warriors
  3 sky beasts
  14 black bears
  16 ogres
  30 wolves
  9 centaurs
  9 bullfrogs
  Blork the orc (D:6)
  3 kobold brigands
  6 gnoll sergeants
  2 scorpions
  14 wights
  A water moccasin zombie (Ossuary)
  3 killer bees (D:9)
  15 electric eels
  2 centaur zombies (Ossuary)
  4 hounds
  2 bullfrog zombies (Ossuary)
  A gnoll bouda (D:9)
  18 orc priests
  Crazy Yiuf (D:3)
  A jelly (D:7)
  Jessica (D:2)
  2 iguanas
  Terence (D:2)
  2 scorpion zombies (Ossuary)
  A sleepcap (D:5)
  19 orc wizards
  4 hell rats (Lair:4)
  24 gnolls
  9 adders
  A white imp (D:7)
  3 adder zombies (Ossuary)
  3 worms
  5 dart slugs
  70 orcs
  5 ball pythons
  4 endoplasms
  3 giant cockroaches
  4 gnoll zombies (Ossuary)
  A goblin (shapeshifter) (D:14)
  15 goblins
  13 hobgoblins
  A jackal (D:4)
  5 quokkas
  13 bats
  4 frilled lizards
  4 goblin zombies (Ossuary)
  4 hobgoblin zombies (Ossuary)
  15 kobolds
  7 orc zombies (Ossuary)
  5 rats
753 creatures vanquished.

Vanquished Creatures (collateral kills)
  A minotaur (Gauntlet)
  A death knight (D:14)
  A two-headed ogre (Bailey)
  An orc knight (Orc:2)
  An orc sorcerer (Orc:2)
  A spriggan (Bailey)
  A basilisk (Lair:4)
  A warg (Orc:2)
  3 orc warriors
  An ogre (Orc:2)
  A kobold brigand (D:10)
  An orc priest (Orc:2)
  A hell rat (Lair:4)
  5 orcs (Orc:2)
20 creatures vanquished.

Vanquished Creatures (others)
  A troll (D:10)
1 creature vanquished.

Grand Total: 774 creatures vanquished

Notes
Turn   | Place    | Note
-------+----------+-------------------------------------------
     0 | D:1      | greenreed the Minotaur Berserker began the quest for the
                  | Orb.
     0 | D:1      | Reached XP level 1. HP: 19/19 MP: 0/0
   214 | D:1      | Reached XP level 2. HP: 27/27 MP: 1/1
   769 | D:1      | Found a faded altar of an unknown god.
  1098 | D:2      | Noticed Jessica
  1101 | D:2      | Killed Jessica
  1102 | D:2      | Reached XP level 3. HP: 34/34 MP: 2/2
  1107 | D:2      | Noticed Terence
  1331 | D:2      | Reached ** piety under Trog
  1377 | D:2      | Reached XP level 4. HP: 41/41 MP: 3/3
  1452 | D:2      | Killed Terence
  1831 | D:3      | Reached skill level 5 in Fighting
  1831 | D:3      | Reached XP level 5. HP: 48/48 MP: 4/4
  1888 | D:3      | Reached skill level 5 in Polearms
  2069 | D:3      | Found a faded altar of an unknown god.
  2072 | D:3      | Found a stormy altar of Qazlal.
  2259 | D:3      | Found a runed translucent door.
  2260 | D:3      | Noticed Crazy Yiuf
  2300 | D:3      | Found a glowing silver altar of Zin.
  2783 | D:3      | Killed Crazy Yiuf
  2784 | D:3      | Reached XP level 6. HP: 57/57 MP: 5/5
  2901 | D:4      | Reached *** piety under Trog
  3247 | D:4      | Found a staircase to the Ecumenical Temple.
  3385 | D:4      | Noticed Pikel
  3398 | D:4      | Killed Pikel
  3399 | D:4      | Reached XP level 7. HP: 66/66 MP: 6/6
  3474 | D:4      | Found Lumug's Distillery.
  3482 | D:4      | Bought a potion of heal wounds for 70 gold pieces
  3482 | D:4      | Bought a potion of curing for 42 gold pieces
  3482 | D:4      | Bought a potion of might for 56 gold pieces
  3939 | D:5      | Entered Level 5 of the Dungeon
  4142 | D:5      | Reached skill level 5 in Armour
  4142 | D:5      | Reached XP level 8. HP: 67/73 MP: 7/7
  4810 | D:6      | Reached skill level 5 in Dodging
  5076 | D:6      | Noticed Blork the orc
  5083 | D:6      | Killed Blork the orc
  5467 | D:7      | Found a basalt altar of Yredelemnul.
  5558 | D:7      | Reached XP level 9. HP: 62/83 MP: 8/8
  5561 | D:7      | Reached **** piety under Trog
  5657 | D:7      | Found Giexki's Distillery.
  5695 | D:7      | Found a sand-covered staircase.
  5713 | Ossuary  | Entered an ossuary
  5914 | Ossuary  | Noticed a silent spectre
  6384 | D:8      | Noticed Maurice
  6411 | D:8      | Reached skill level 10 in Fighting
  6532 | D:8      | Killed Maurice
  6533 | D:8      | Reached skill level 10 in Polearms
  6552 | D:8      | Noticed Jeremiah
  6580 | D:8      | Killed Jeremiah
  7003 | D:8      | Noticed a two-headed ogre
  7013 | D:8      | Killed a two-headed ogre
  7014 | D:8      | Reached XP level 10. HP: 95/95 MP: 9/9
  7177 | D:9      | Noticed a two-headed ogre
  7186 | D:9      | Killed a two-headed ogre
  7521 | D:9      | Found Kiheblon's Antique Weapon Boutique.
  7647 | D:9      | Noticed Maggie
  7656 | D:9      | Killed Maggie
  7740 | D:9      | Found a sparkling altar of Nemelex Xobeh.
  8276 | D:10     | Entered Level 10 of the Dungeon
  8468 | D:10     | Found a flagged portal.
  8477 | Bailey   | Entered a bailey
  8538 | Bailey   | Reached XP level 11. HP: 62/105 MP: 8/10
  8791 | Bailey   | Noticed a two-headed ogre
  8804 | Bailey   | Killed a two-headed ogre
  9318 | D:10     | Found a staircase to the Orcish Mines.
  9944 | D:11     | Reached ***** piety under Trog
 10704 | D:11     | Noticed a four-headed hydra
 11080 | D:11     | Found a staircase to the Lair.
 11103 | D:11     | Killed a six-headed hydra
 11686 | D:12     | Found a gate leading to a gauntlet.
 11704 | Gauntlet | Entered a Gauntlet
 11704 | Gauntlet | Noticed a necromancer
 11704 | Gauntlet | Found a transporter.
 11704 | Gauntlet | Found a transporter.
 11704 | Gauntlet | Found a transporter.
 11740 | Gauntlet | Found a transporter.
 11744 | Gauntlet | Found a transporter.
 11746 | Gauntlet | Noticed a fire crab
 11747 | Gauntlet | Found a transporter.
 11761 | Gauntlet | Found a transporter.
 11761 | Gauntlet | Found a transporter.
 11762 | Gauntlet | Found a transporter.
 11764 | Gauntlet | Found a transporter.
 11766 | Gauntlet | Noticed a cyan ugly thing
 11766 | Gauntlet | Noticed a glowing orange brain
 11774 | Gauntlet | Found a transporter.
 11774 | Gauntlet | Noticed a glowing orange brain
 11780 | Gauntlet | Found a transporter.
 11890 | Gauntlet | Noticed a hell beast
 12048 | Gauntlet | Killed a necromancer
 12116 | Gauntlet | Killed a fire crab
 12117 | Gauntlet | Reached XP level 12. HP: 103/117 MP: 11/11
 12173 | Gauntlet | Killed a hell beast
 12184 | Gauntlet | Identified the +0 helmet of Jihyuborgh {Str+4 SInv}
 12205 | Gauntlet | Identified the +4 scale mail of Filth {*Slow +Inv rF++
                  | Regen+}
 12205 | Gauntlet | Noticed a minotaur
 12212 | Gauntlet | Killed a minotaur
 12213 | Gauntlet | Reached skill level 10 in Armour
 13580 | D:13     | Noticed a boulder beetle
 13586 | D:13     | Killed a boulder beetle
 13588 | D:13     | Reached skill level 15 in Fighting
 13595 | D:13     | Reached skill level 15 in Polearms
 13786 | D:13     | Found a gate to the Vaults.
 14239 | D:13     | Noticed a boulder beetle
 14254 | D:13     | Killed a boulder beetle
 14311 | D:13     | Noticed a six-headed hydra
 14312 | D:13     | Noticed a centaur warrior
 14323 | D:13     | Killed a centaur warrior
 14331 | D:13     | Killed a seven-headed hydra
 14332 | D:13     | Reached skill level 10 in Dodging
 14486 | D:13     | Noticed a tengu warrior
 14492 | D:13     | Killed a tengu warrior
 15152 | D:14     | Noticed a boulder beetle
 15156 | D:14     | Noticed a tengu warrior
 15161 | D:14     | Killed a tengu warrior
 15162 | D:14     | Killed a boulder beetle
 15170 | D:14     | Reached XP level 13. HP: 89/128 MP: 9/12
 15351 | D:14     | Found Ytzu's Jewellery Emporium.
 15364 | D:14     | Bought a ring of poison resistance for 300 gold pieces
 15938 | D:14     | Found a snail-covered altar of Cheibriados.
 16364 | D:14     | Noticed a fire giant
 16554 | D:14     | Killed a fire giant
 16726 | D:15     | Entered Level 15 of the Dungeon
 17148 | Lair:1   | Entered Level 1 of the Lair of Beasts
 18833 | Lair:2   | Reached XP level 14. HP: 123/140 MP: 3/13
 19312 | Lair:3   | Found a staircase to the Snake Pit.
 19563 | Lair:3   | Found a blossoming altar of Fedhas.
 20462 | Lair:3   | Found a staircase to the Shoals.
 21425 | Lair:4   | Found a viscous altar of Jiyva.
 21551 | Lair:4   | Received a gift from Trog
 22080 | Lair:4   | Found a staircase to the Slime Pits.
 22158 | Lair:5   | Entered Level 5 of the Lair of Beasts
 22358 | Lair:5   | Reached skill level 1 in Throwing
 23022 | Lair:5   | Reached XP level 15. HP: 114/150 MP: 0/14
 23233 | Lair:5   | Identified the +5 flail of Objectivity {heavy, Will+ Str+2
                  | Int+6 Stlth+}
 23458 | Lair:5   | Reached ****** piety under Trog
 24981 | Lair:5   | Received a gift from Trog
 25142 | Orc:1    | Entered Level 1 of the Orcish Mines
 25432 | Orc:1    | Found Apeez's Armour Shop.
 25483 | Orc:1    | Bought a scarf of resistance for 576 gold pieces
 25551 | Orc:1    | You fall into a shaft and drop 1 floor!
 25551 | Orc:2    | Entered Level 2 of the Orcish Mines
 26234 | Orc:2    | Found a staircase to the Elven Halls.
 26330 | Orc:2    | Noticed Urug
 26340 | Orc:2    | Killed Urug
 26355 | Orc:2    | Received a gift from Trog
 26744 | Orc:2    | Reached skill level 5 in Throwing
 26823 | Orc:2    | Found Kiatalei's Jewellery Shoppe.
 26836 | Orc:2    | Found Huhein's Antique Armour Shoppe.
 27345 | Orc:2    | Found Hanuola's Antique Weapon Shoppe.
 27532 | Orc:2    | Found Usaixoo's General Store.
 27538 | Orc:2    | Bought a scroll of identify for 26 gold pieces
 27840 | Snake:1  | Entered Level 1 of the Snake Pit
 28115 | Snake:1  | HP: 4/232 [shock serpent (11)]
 28116 | Snake:1  | Killed from afar by a shock serpent

Illustrated notes

Levels and vault maps discovered:
D:1:      erik_arrival_triangle_medium, layout_loops_corners,
          shapermc_ecumenical_altar_rom_forum, due_unseen_surprise
D:2:      wad_pebble_path, layout_basic, kennysheep_generic_room_13,
          uniq_terence, uniq_jessica
D:3:      layout_basic, mainiacjoe_overflow_alcove_2,
          nicolae_overflow_ecumenical_swirl, kennysheep_generic_room_15,
          uniq_crazy_yiuf_cottage
D:4:      layout_loops_ring, minmay_temple_entry_proselytizer, serial_shops,
          shop, minmay_pentangle, uniq_pikel
D:5:      layout_rooms
D:6:      layout_loops_ring, hangedman_decor_lopped, uniq_blork_the_orc
D:7:      layout_rooms, mainiacjoe_overflow_catwalk,
          nicolae_ossuary_entry_ruins, serial_shops, shop,
          kennysheep_generic_room_3
D:8:      layout_cave_pools, uniq_jeremiah, uniq_maurice
D:9:      layout_long_grid, mainiacjoe_overflow_six_doors_small, serial_shops,
          nicolae_shop_waterfront, uniq_maggie
D:10:     layout_loops_ring, kennysheep_orc_monster_closet_entryway,
          lightli_bailey_entry_fortress
D:11:     layout_basic, erik_lair_island, serial_bayou_pond_d
D:12:     layout_basic, gauntlet_entry_generic, nicolae_twisty_statue_hallways
D:13:     layout_gridville, erik_vaults_1, kennysheep_generic_room_2
D:14:     minmay_firetagon, layout_loops_ring, serial_shops,
          nicolae_lakefront_shop, slow_altar_2
D:15:     grunt_enter_depths_magical_seal, layout_long_grid, chequers_arboretum,
          minivault_10
Lair:1:   layout_gridlike, roderic_batcave, nicolae_quartered_pool_little,
          serial_bayou_lake_a, serial_bayou_shore_b, grunt_megastairs_1
Lair:2:   layout_cave_shapes, grunt_megastairs_2
Lair:3:   layout_cave_pods, elwin_shoals_entry_rooms, dummy_snake_entry,
          basic_altar
Lair:4:   layout_loops_ring, minmay_slime_entry_oklob_enclosed, special_room
          [special_room_mythical_zoo]
Lair:5:   hangedman_lair_caniforms_friends, layout_misc_corridors,
          hangedman_lair_tendril_chambers, grunt_forest_small_clearing_treed
Snake:1:  layout_grid_shapes, minmay_shop_grove, nicolae_integral_box
Orc:1:    cheibrodos_orc_bank, layout_diamond_mine, basic_altar, serial_shops,
          shop, elves_outpost_lemuel
Orc:2:    grunt_orc_cross, layout_caves, statue_in_the_mist_lemuel

Skill      XL: |  1  2  3  4  5  6  7  8  9 10 11 12 13 14 15 |
---------------+----------------------------------------------+-----
Fighting       | 4 5 7 9 11 12 14 15 17 18 19 | 19.8
Polearms       | 4 5 7 9 10 12 14 15 17 18 19 | 19.7
Armour         | 3 4 5 6 7 8 9 11 12 13 14 | 14.1
Dodging        | 3 4 5 6 7 9 10 11 12 | 12.9
Throwing       | 2 5 |  5.1

Action                     |  1- 3 |  4- 6 |  7- 9 | 10-12 | 13-15 || total
---------------------------+-------+-------+-------+-------+-------++-------
  Melee: Spear             |    80 |   181 |    27 |       |       ||   288
         Headbutt          |     8 |    21 |    45 |    63 |   152 ||   289
         Punch             |       |     1 |       |       |       ||     1
         Trident           |       |       |   101 |       |       ||   101
         Halberd           |       |       |   200 |   321 |       ||   521
         Glaive            |       |       |       |   184 |   142 ||   326
         Bardiche          |       |       |       |       |   767 ||   767
   Fire: Triple crossbow   |       |       |       |    36 |     6 ||    42
  Throw: Stone             |     7 |     1 |       |       |       ||     8
         Javelin           |       |       |       |       |     3 ||     3
 Invoke: Berserk           |     1 |     5 |     5 |     4 |     3 ||    18
         Trog's Hand       |       |     1 |       |     3 |     5 ||     9
         Brothers in Arms  |       |       |     2 |     5 |     3 ||    10
  Evoke: Wand              |       |       |     1 |     7 |     3 ||    11
    Use: Potion            |       |     1 |       |     2 |     2 ||     5
         Scroll            |       |       |       |    17 |    10 ||    27
   Stab: Sleeping          |     1 |     3 |       |       |       ||     4
         Distracted        |       |     1 |     1 |       |       ||     2
         Invisible         |       |       |     1 |       |     2 ||     3
 Armour: Animal skin       |     2 |       |       |       |       ||     2
         Robe              |     3 |    17 |       |       |       ||    20
         Skin              |       |     7 |       |       |       ||     7
         Plate armour      |       |     9 |   164 |   246 |    61 ||   480
         Fire dragon scale |       |       |       |       |   298 ||   298
  Dodge: Dodged            |    35 |    74 |    93 |   190 |   492 ||   884

Table legend: (Time is in decaauts)
 A = Elapsed time spent in this place.
 B = Non-inter-level travel time spent in this place.
 C = Inter-level travel time spent in this place.
 D = Time resting spent in this place.
 E = Time spent auto-exploring this place.
 F = Levels seen in this place.
 G = Mean time per level.
                   A        B        C        D        E       F      G
               +--------+--------+--------+--------+--------+-----+--------+
         Total |  28311 |  26344 |   1967 |   2626 |  18723 |  26 | 1088.9 |
       Dungeon |  16019 |  14622 |   1397 |   1848 |  10038 |  15 | 1067.9 |
          Lair |   8029 |   7592 |    437 |    408 |   6029 |   5 | 1605.8 |
     Snake Pit |    274 |    274 |      0 |      0 |    238 |   1 |  274.0 |
  Orcish Mines |   2572 |   2440 |    132 |     81 |   1960 |   2 | 1286.0 |
       Ossuary |    249 |    249 |      0 |     54 |     34 |   1 |  249.0 |
        Bailey |    595 |    595 |      0 |    179 |    261 |   1 |  595.0 |
      Gauntlet |    571 |    571 |      0 |     56 |    162 |   1 |  571.0 |
               +--------+--------+--------+--------+--------+-----+--------+

Top non-repeatable levels by time:
  Lair:5: 2770 daAuts
    D:11: 2174 daAuts
  Lair:4: 1628 daAuts
    D:14: 1579 daAuts
  Lair:3: 1539 daAuts
   Orc:2: 1462 daAuts
    D:12: 1359 daAuts
     D:4: 1267 daAuts
     D:9: 1235 daAuts
   Orc:1: 1109 daAuts
  Lair:1: 1109 daAuts
     D:1: 1088 daAuts
    D:13: 1034 daAuts
     D:3: 1030 daAuts
    D:10: 996 daAuts
